[Event "Titled Tuesday Blitz May 16 Late 2023"]
[White "Hajiyev, Kanan"]
[Black "Shapiro, Daniel"]
[WhiteFideId "13404148"]
[BlackFideId "2001780"]
[WhiteElo "2103"]
[BlackElo "2374"]
[Result "1-0"]
[Round "10"]
[TimeControl "180+2"]
[Date "2023.05.16"]
[WhiteClock "0:00:45"]
[BlackClock "0:00:00"]

1. d4 Nf6 2. Nf3 b6 3. e3 e6 4. Be2 Bb7 5. O-O d6 6. c4 Nbd7 7. a4 a5 8. b3 g6 9. Bb2 Bg7 10. Nc3 O-O 11. Qc2 Rc8 12. Rad1 Qe7 13. e4 c5 14. e5 dxe5 15. dxe5 Ng4 16. Ne4 Ngxe5 17. Nxe5 Nxe5 18. Nd6 Rcd8 19. Nxb7 Qxb7 20. Qc3 f6 21. f4 Nc6 22. Bf3 Qc7 23. Qe3 Rfe8 24. Rxd8 Nxd8 25. Re1 Nc6 26. g3 Kf7 27. h4 Bh6 28. Qe4 Nb4 29. h5 Qe7 30. hxg6+ hxg6 31. Kg2 Rd8 32. Bc3 Rd6 33. Rh1 Kg7 34. g4 g5 35. fxg5 1-0


[Site "https://www.chess.com"]

[Event "Titled Tuesday Blitz May 16 Late 2023"]
[White "Vaglio Munoz, Jaime"]
[Black "Estrada Nieto, Julian"]
[WhiteFideId "6500145"]
[BlackFideId "5101018"]
[WhiteElo "2199"]
[BlackElo "2161"]
[Result "1-0"]
[Round "10"]
[TimeControl "180+2"]
[Date "2023.05.16"]
[WhiteClock "0:02:18"]
[BlackClock "0:00:32"]

1. Nf3 d5 2. c4 dxc4 3. Qc2 Nf6 4. Qxc4 c6 5. d4 Bf5 6. Nc3 e6 7. g3 Nbd7 8. Bg2 Be7 9. O-O O-O 10. b4 Bc2 11. a4 a5 12. b5 Rc8 13. Qa2 cxb5 14. Nxb5 Be4 15. Bf4 Rc2 16. Qb3 Rxe2 17. Rfc1 Bb4 18. Bd6 Re8 19. Bxb4 axb4 20. Qxb4 Nd5 21. Qc4 Rd2 22. Nxd2 1-0


[Site "https://www.chess.com"]

[Event "Titled Tuesday Blitz May 16 Late 2023"]
[White "mohsengabr2002"]
[Black "Stork, Oliver"]
[BlackFideId "12955728"]
[WhiteElo "2357"]
[BlackElo "2239"]
[Result "1-0"]
[Round "10"]
[TimeControl "180+2"]
[Date "2023.05.16"]
[WhiteClock "0:00:55"]
[BlackClock "0:02:03"]

1. e4 c6 2. d4 d5 3. Nd2 dxe4 4. Nxe4 Nf6 5. Ng3 h5 6. h4 Bg4 7. f3 Be6 8. N1e2 g6 9. Nf4 Bd5 10. c4 Be6 11. Nxe6 fxe6 12. Bd3 Kf7 13. Be3 Bg7 14. Qc2 Qa5+ 15. Bd2 Qb6 16. Bxg6+ Kf8 17. Be3 Qa5+ 18. Kf2 Nbd7 19. Ne4 Nxe4+ 20. fxe4 Nf6 21. e5 Ng4+ 22. Ke2 Bh6 23. Raf1+ Kg7 24. Rf7+ Kg8 25. Bh7+ Kxf7 26. Qg6+ Kf8 27. Rf1+ Nf6 28. Bxh6# 1-0


[Site "https://www.chess.com"]

[Event "Titled Tuesday Blitz May 16 Late 2023"]
[White "Marcziter, Dmitrii"]
[Black "Wizard_of_Odds"]
[WhiteFideId "13900765"]
[WhiteElo "2162"]
[BlackElo "2443"]
[Result "1-0"]
[Round "10"]
[TimeControl "180+2"]
[Date "2023.05.16"]
[WhiteClock "0:01:11"]
[BlackClock "0:00:02"]

1. d4 Nf6 2. Nf3 c5 3. d5 d6 4. c4 a6 5. Nc3 Bf5 6. Nh4 Bg6 7. Nxg6 hxg6 8. e4 Nbd7 9. Be2 Rb8 10. a4 Qa5 11. O-O Qb4 12. Ra3 Ne5 13. Rb3 Qa5 14. Bd2 g5 15. Bxg5 b5 16. axb5 axb5 17. cxb5 Nfd7 18. Bd2 g6 19. f4 c4 20. Ra3 Qb6+ 21. Kh1 Nd3 22. Bxd3 cxd3 23. Qf3 Qd4 24. Ra4 Qb6 25. Ra6 Qd4 26. Ra4 Qb6 27. Be3 Qc7 28. Bd4 Rh5 29. Ra7 Qc4 30. Ra4 Qb3 31. Qxd3 Qxb2 32. Rb1 Qxb1+ 33. Qxb1 Bh6 34. g3 g5 35. Qd1 g4 36. Qxg4 Rxb5 37. Nxb5 Bg7 38. Bxg7 f5 39. Qxh5+ Kd8 40. Ra8+ Nb8 41. Rxb8+ Kd7 42. Qe8# 1-0


[Site "https://www.chess.com"]

[Event "Titled Tuesday Blitz May 16 Late 2023"]
[White "Pires, Marcos Vinicius Torsani"]
[Black "Slavin, Alexey"]
[WhiteFideId "2118939"]
[BlackFideId "24104388"]
[WhiteElo "2273"]
[BlackElo "2264"]
[Result "1-0"]
[Round "10"]
[TimeControl "180+2"]
[Date "2023.05.16"]
[WhiteClock "0:00:25"]
[BlackClock "0:00:03"]

1. d4 Nc6 2. Bf4 d6 3. Nf3 Bg4 4. Nbd2 e6 5. h3 Bh5 6. c3 Nf6 7. Qb3 Qc8 8. e3 Be7 9. Be2 O-O 10. e4 a6 11. a4 Bg6 12. e5 dxe5 13. Nxe5 Nxe5 14. Bxe5 c5 15. O-O cxd4 16. Bxd4 Ne4 17. Rfd1 Rd8 18. Bf3 Nc5 19. Bxc5 Qxc5 20. Ne4 Qc7 21. Rxd8+ Rxd8 22. Rd1 Rxd1+ 23. Qxd1 h6 24. Qd4 e5 25. Qd5 Kh7 26. Nd2 b6 27. Nc4 Bf6 28. Be4 Bxe4 29. Qxe4+ g6 30. Qd5 Kg7 31. Nd6 Qd7 32. g4 g5 33. Nf5+ Qxf5 34. gxf5 e4 35. Qxe4 1-0


[Site "https://www.chess.com"]

[Event "Titled Tuesday Blitz May 16 Late 2023"]
[White "Stachanczyk, Jacek"]
[Black "marik_spb"]
[WhiteFideId "1116657"]
[WhiteElo "2084"]
[BlackElo "2434"]
[Result "0-1"]
[Round "10"]
[TimeControl "180+2"]
[Date "2023.05.16"]
[WhiteClock "0:00:22"]
[BlackClock "0:00:09"]

1. e4 c6 2. d4 d5 3. Nc3 dxe4 4. Nxe4 Nf6 5. Nxf6+ exf6 6. c3 Bd6 7. Bd3 Na6 8. Ne2 Nc7 9. Qc2 h5 10. Bf4 a5 11. O-O-O Nd5 12. Bxd6 Qxd6 13. g3 g6 14. Rhe1 Kf8 15. Be4 b5 16. Bxd5 Qxd5 17. b3 Bf5 18. Qd2 a4 19. Nf4 Qd6 20. b4 g5 21. Nd3 Qd5 22. Nc5 a3 23. Re3 Kg7 24. Rde1 Ra7 25. h4 g4 26. R1e2 Rd8 27. Nb3 Qc4 28. Nc5 Rd5 29. Nb3 Rc7 30. Kd1 c5 31. bxc5 b4 32. cxb4 Rb7 33. Qc3 Rxb4 34. Ke1 Qb5 35. Kf1 Rc4 36. Qd2 Qb7 37. Re5 Rdxd4 38. c6 Qxc6 39. Nxd4 Qh1# 0-1


[Site "https://www.chess.com"]

[Event "Titled Tuesday Blitz May 16 Late 2023"]
[White "Kovalevsky, Stanislav"]
[Black "Celestino, Rafael Teixeira"]
[WhiteFideId "13508598"]
[BlackFideId "2108925"]
[WhiteElo "2174"]
[BlackElo "2337"]
[Result "0-1"]
[Round "10"]
[TimeControl "180+2"]
[Date "2023.05.16"]
[WhiteClock "0:00:56"]
[BlackClock "0:02:20"]

1. c4 e5 2. Nc3 Nc6 3. g3 Nf6 4. Bg2 Bc5 5. e3 d6 6. Nge2 Be6 7. d4 exd4 8. exd4 Nxd4 9. Nxd4 Bg4 10. f3 Bd7 11. O-O O-O 12. a3 a5 13. Be3 Re8 14. Bf2 c6 15. Re1 Qb6 16. Na4 Qa7 17. Nxc5 Qxc5 18. Qd3 Qg5 19. f4 Qh5 20. Rxe8+ Rxe8 21. Re1 Rd8 22. f5 Ng4 23. h3 Nf6 24. g4 Qh6 25. Be3 Qh4 26. Bf4 Qxe1+ 27. Kh2 Qh4 28. Nf3 Nxg4+ 29. Kg1 Qf2+ 30. Kh1 Nf6 31. Qxd6 Re8 32. Be5 Bxf5 33. Bxf6 Bxh3 34. Qh2 Qxg2+ 35. Qxg2 Bxg2+ 36. Kxg2 gxf6 37. Nd4 Re4 38. Nf5 Re2+ 39. Kf3 Rxb2 40. Ke4 Ra2 41. Nd6 Rxa3 42. Nxb7 Ra1 43. Kd4 a4 44. Kc5 a3 45. Na5 a2 46. Kxc6 Rb1 47. Kd7 a1=Q 48. c5 Qxa5 49. c6 Rd1+ 50. Ke7 Qd8# 0-1


[Site "https://www.chess.com"]

[Event "Titled Tuesday Blitz May 16 Late 2023"]
[White "Kujawski, Adam"]
[Black "Gatterer, Florian"]
[WhiteFideId "1100920"]
[BlackFideId "811688"]
[WhiteElo "2054"]
[BlackElo "2221"]
[Result "0-1"]
[Round "10"]
[TimeControl "180+2"]
[Date "2023.05.16"]
[WhiteClock "0:00:23"]
[BlackClock "0:02:32"]

1. e4 c5 2. Nf3 e6 3. d4 cxd4 4. Nxd4 Nf6 5. Nc3 Nc6 6. Ndb5 Bc5 7. Bf4 O-O 8. Bc7 Qe7 9. Bd6 Bxd6 10. Qxd6 Qd8 11. f4 a6 12. Nc7 Ra7 13. e5 Ng4 14. Be2 Ne3 15. Kf2 Nf5 0-1


[Site "https://www.chess.com"]

[Event "Titled Tuesday Blitz May 16 Late 2023"]
[White "Florianovitz, Derlei Alex"]
[Black "Ziatdinov, Raset"]
[WhiteFideId "2114178"]
[BlackFideId "2015323"]
[WhiteElo "1953"]
[BlackElo "2220"]
[Result "1-0"]
[Round "10"]
[TimeControl "180+2"]
[Date "2023.05.16"]
[WhiteClock "0:02:19"]
[BlackClock "0:01:00"]

1. e4 e6 2. d4 d5 3. c4 dxe4 4. Nc3 f5 5. f3 exf3 6. Nxf3 Nf6 7. Bg5 Be7 8. Be2 O-O 9. O-O c5 10. d5 exd5 11. Bxf6 Bxf6 12. cxd5 Nd7 13. a4 Nb6 14. a5 Bxc3 15. axb6 Bxb2 16. Rxa7 Rxa7 17. bxa7 Bd7 18. Qb3 Bf6 19. Qxb7 Re8 20. Bc4 Re4 21. a8=Q 1-0


[Site "https://www.chess.com"]

[Event "Titled Tuesday Blitz May 16 Late 2023"]
[White "Mazurkiewicz, Michal"]
[Black "Torres Dominguez, David"]
[WhiteFideId "1124943"]
[BlackFideId "2220857"]
[WhiteElo "2054"]
[BlackElo "1999"]
[Result "0-1"]
[Round "10"]
[TimeControl "180+2"]
[Date "2023.05.16"]
[WhiteClock "0:00:00"]
[BlackClock "0:00:59"]

1. e4 e5 2. Nf3 Nc6 3. Bb5 Nge7 4. c3 g6 5. d4 Bg7 6. d5 a6 7. Bd3 Na7 8. c4 d6 9. Nc3 O-O 10. O-O b5 11. cxb5 Nxb5 12. Nxb5 axb5 13. Bxb5 f5 14. Ng5 h6 15. Ne6 Bxe6 16. dxe6 c6 17. Bd3 fxe4 18. Bxe4 d5 19. Bc2 Qd6 20. Qg4 e4 21. Bb3 Rf6 22. Re1 h5 23. Qg3 Qxg3 24. hxg3 Rxe6 25. f3 e3 26. Kf1 Nf5 27. g4 hxg4 28. fxg4 e2+ 29. Kf2 Bd4+ 30. Kf3 Rf8 31. gxf5 Rxf5+ 32. Kg3 Bf2+ 33. Kh3 Bxe1 0-1


[Site "https://www.chess.com"]

[Event "Titled Tuesday Blitz May 16 Late 2023"]
[White "Rose, Felix"]
[Black "Howell, David W L"]
[WhiteFideId "5105722"]
[BlackFideId "410608"]
[WhiteElo "2039"]
[BlackElo "2567"]
[Result "0-1"]
[Round "10"]
[TimeControl "180+2"]
[Date "2023.05.16"]
[WhiteClock "0:00:00"]
[BlackClock "0:01:28"]

1. e4 c5 2. Nf3 d6 3. d4 cxd4 4. Nxd4 Nf6 5. Nc3 a6 6. Be3 Ng4 7. Bc1 Nf6 8. Be3 e6 9. f3 Be7 10. Qd2 Qc7 11. O-O-O b5 12. g4 Bb7 13. Kb1 Nc6 14. Nxc6 Bxc6 15. Ne2 Nd7 16. Nd4 Bb7 17. h4 d5 18. exd5 Bxd5 19. Bg2 Nb6 20. b3 O-O 21. f4 Rfd8 22. Qf2 Bxg2 23. Qxg2 Nd5 24. Bd2 Rac8 25. Qe4 Ba3 26. Rh3 Nf6 27. Qe5 Rxd4 28. Qxc7 Rxc7 29. b4 Bxb4 30. Bxb4 Rxd1+ 0-1


[Site "https://www.chess.com"]

[Event "Titled Tuesday Blitz May 16 Late 2023"]
[White "Kostiukov, Alexandr"]
[Black "Janaszak, Dawid"]
[WhiteFideId "14108100"]
[BlackFideId "1119206"]
[WhiteElo "2202"]
[BlackElo "2220"]
[Result "0-1"]
[Round "10"]
[TimeControl "180+2"]
[Date "2023.05.16"]
[WhiteClock "0:00:00"]
[BlackClock "0:01:39"]

1. g3 h5 2. Nf3 Nc6 3. d4 d6 4. d5 Nb8 5. c4 c5 6. dxc6 Nxc6 7. Bg2 Be6 8. Nd4 Bd7 9. O-O h4 10. Nc3 hxg3 11. hxg3 Nf6 12. Bg5 Qc8 13. Re1 Bh3 14. Bh1 Bf1 15. Bxc6+ bxc6 16. Bh4 g5 17. Rxf1 gxh4 18. Kg2 hxg3 19. Rh1 Rg8 20. f3 e5 21. Nc2 Be7 22. Qd3 d5 23. cxd5 cxd5 24. Rad1 d4 25. Ne4 Nd7 26. Rh5 Rb8 27. b3 Qc6 28. e3 Qg6 0-1


[Site "https://www.chess.com"]

[Event "Titled Tuesday Blitz May 16 Late 2023"]
[White "Seletsky, Grigory"]
[Black "Vifleemskaia, Svetlana"]
[WhiteFideId "14112191"]
[BlackFideId "4129490"]
[WhiteElo "2491"]
[BlackElo "1930"]
[Result "0-1"]
[Round "10"]
[TimeControl "180+2"]
[Date "2023.05.16"]
[WhiteClock "0:00:20"]
[BlackClock "0:00:38"]

1. e4 e5 2. Nf3 Nc6 3. Bc4 Nf6 4. d3 Be7 5. O-O O-O 6. Re1 d5 7. c3 dxc4 8. d4 exd4 9. e5 Nd5 10. cxd4 Bg4 11. Nc3 Nxc3 12. bxc3 Qd5 13. h3 Bf5 14. Nh2 b5 15. g4 Bd3 16. Be3 b4 17. Bd2 bxc3 18. Bxc3 Nxd4 19. Re3 Nb5 20. Qe1 Nxc3 21. Qxc3 Bc5 22. Rae1 Bxe3 23. Rxe3 Rab8 24. Nf3 Rb1+ 25. Kh2 Rfb8 26. e6 fxe6 27. Kg3 Qd6+ 28. Kh4 h6 29. Ne5 Rg1 30. Rg3 Rxg3 31. Kxg3 Rf8 32. f4 g5 33. fxg5 hxg5 34. a4 a6 35. a5 Rb8 36. Kf2 Rf8+ 37. Kg3 Rf1 38. Kg2 Qd5+ 39. Kg3 Qe4 0-1


[Site "https://www.chess.com"]

[Event "Titled Tuesday Blitz May 16 Late 2023"]
[White "Mikhalsky, Vladimir"]
[Black "Szente Varga, Fruzsina"]
[WhiteFideId "14144352"]
[BlackFideId "712264"]
[WhiteElo "2236"]
[BlackElo "1994"]
[Result "0-1"]
[Round "10"]
[TimeControl "180+2"]
[Date "2023.05.16"]
[WhiteClock "0:00:46"]
[BlackClock "0:00:15"]

1. d4 Nf6 2. c4 g6 3. f3 Bg7 4. e4 d6 5. Nc3 O-O 6. Be3 c5 7. Nge2 cxd4 8. Nxd4 Nc6 9. Qd2 Nxd4 10. Bxd4 Be6 11. Be2 Rc8 12. b3 a6 13. O-O Nh5 14. f4 Bxd4+ 15. Qxd4 Nf6 16. f5 Bd7 17. g4 g5 18. h4 h6 19. hxg5 hxg5 20. Nd5 Nxd5 21. exd5 f6 22. b4 Qc7 23. Rac1 Kg7 24. Kg2 b6 25. Rh1 Rh8 26. Rxh8 Rxh8 27. Rh1 Rxh1 28. Kxh1 a5 29. a3 axb4 30. axb4 Qa7 31. Kg2 Qa2 32. Kf2 Qa7 33. Qe3 Be8 34. Qe6 Bf7 35. Qc8 Qa1 36. b5 Qd4+ 37. Kf3 Qc3+ 38. Ke4 Qc2+ 39. Ke3 Bxd5 40. Qc7 Qe4+ 41. Kd2 Qd4+ 42. Bd3 Qf2+ 43. Kc3 Qe1+ 44. Kb3 Bf7 45. Qxb6 Qd1+ 46. Bc2 Bxc4+ 47. Kxc4 Qxc2+ 48. Kd5 Qd3+ 49. Ke6 Qe4+ 50. Kd7 Qxg4 51. Kxe7 Qxf5 52. Qb7 Kg6 53. b6 Qe5+ 54. Kf8 g4 55. Qh7+ Kxh7 56. b7 Qb5 57. Kf7 Qxb7+ 58. Kxf6 g3 59. Kg5 g2 0-1


[Site "https://www.chess.com"]

[Event "Titled Tuesday Blitz May 16 Late 2023"]
[White "Einarsson, Halldor Gretar"]
[Black "Novikova, Galina"]
[WhiteFideId "2300150"]
[BlackFideId "4157095"]
[WhiteElo "2110"]
[BlackElo "1953"]
[Result "1-0"]
[Round "10"]
[TimeControl "180+2"]
[Date "2023.05.16"]
[WhiteClock "0:00:10"]
[BlackClock "0:01:04"]

1. d4 Nf6 2. c4 g6 3. f3 Bg7 4. e4 d6 5. Nc3 O-O 6. Be3 Nc6 7. Qd2 e5 8. Nge2 exd4 9. Nxd4 a6 10. h4 h5 11. O-O-O Bd7 12. g4 b5 13. g5 Ne8 14. f4 b4 15. Nd5 Nxd4 16. Bxd4 c6 17. Bxg7 Kxg7 18. Nxb4 Rb8 19. Nc2 Qb6 20. Qd4+ Kg8 21. Qxb6 Rxb6 22. c5 Rb8 23. cxd6 Ng7 24. Bxa6 Ne6 25. Rhf1 Nc5 26. Bc4 Nxe4 27. Rfe1 Nf2 28. Rd2 Ng4 29. Re7 Rbd8 30. Nd4 Kg7 31. Be6 c5 32. Bxd7 cxd4 33. Rxd4 Nf2 34. Re2 Nh3 35. Bxh3 Rc8+ 36. Kd2 Rb8 37. b3 Rfd8 38. d7 Ra8 39. a4 Rab8 40. Kc2 Kf8 41. Rde4 Kg7 42. Re8 Ra8 43. Rxd8 Rxd8 44. Re8 1-0


[Site "https://www.chess.com"]

[Event "Titled Tuesday Blitz May 16 Late 2023"]
[White "Martin Barcelo, Carles"]
[Black "rikchessmx"]
[WhiteFideId "24561444"]
[WhiteElo "2089"]
[BlackElo "2233"]
[Result "1-0"]
[Round "10"]
[TimeControl "180+2"]
[Date "2023.05.16"]
[WhiteClock "0:00:06"]
[BlackClock "0:00:15"]

1. Nf3 Nf6 2. d4 e6 3. e3 b6 4. Bd3 Bb7 5. O-O c5 6. c4 d6 7. Nc3 Be7 8. d5 e5 9. e4 O-O 10. Ne1 Nbd7 11. f3 Nh5 12. Be2 Bg5 13. Nd3 Bxc1 14. Qxc1 g6 15. Qh6 Ng7 16. g4 a6 17. a4 Rb8 18. Kh1 f6 19. Rg1 Qe7 20. Raf1 Rf7 21. Rg3 Nf8 22. Rh3 Ne8 23. Ne1 Bc8 24. Ng2 f5 25. gxf5 gxf5 26. Rg3+ Rg7 27. Rxg7+ Nxg7 28. Nh4 Qf7 29. Rg1 Rb7 30. Bf1 f4 31. Nd1 Kh8 32. Nf2 Qh5 33. Qxd6 Kg8 34. Qf6 Rf7 35. Qg5 Qxg5 36. Rxg5 h6 37. Rg1 Kh7 38. Bh3 Bxh3 39. Nxh3 b5 40. cxb5 axb5 41. a5 Ra7 42. Ra1 Nd7 43. Nf2 c4 44. Nd1 Nc5 45. Nc3 b4 46. Nb5 Ra8 47. Nc7 Ra7 48. Nb5 Ra6 49. d6 Nb3 50. d7 Ra8 51. Ra4 c3 52. bxc3 bxc3 53. Nxc3 Rd8 54. Nd5 h5 55. a6 Nc5 56. Ra5 Nxd7 57. a7 Ra8 58. Kg2 Ne6 59. Nf5 Nec5 60. Nc7 Nb6 61. Nxa8 Nxa8 62. Rxc5 Kg6 63. Rc6+ Kg5 64. h4# 1-0


[Site "https://www.chess.com"]

[Event "Titled Tuesday Blitz May 16 Late 2023"]
[White "Xia, Brandon"]
[Black "Kovacevic, Radmila"]
[WhiteFideId "30921880"]
[BlackFideId "933171"]
[WhiteElo "1924"]
[BlackElo "2194"]
[Result "0-1"]
[Round "10"]
[TimeControl "180+2"]
[Date "2023.05.16"]
[WhiteClock "0:01:29"]
[BlackClock "0:01:36"]

1. Nf3 e5 2. Nxe5 Nc6 3. Nxc6 dxc6 4. b3 Qd4 5. Nc3 Nf6 6. e3 Qh4 7. Bb2 Bg4 8. Be2 Bd6 9. Bxg4 Nxg4 10. Qf3 O-O-O 11. g3 Qh3 12. O-O-O Rhf8 13. Ne4 Ne5 14. Nxd6+ cxd6 15. Qf4 f6 16. d4 g5 17. Qe4 d5 18. dxe5 dxe4 19. exf6 Qf5 20. h4 Rxd1+ 21. Kxd1 Qf3+ 22. Kd2 Qxh1 0-1


[Site "https://www.chess.com"]

[Event "Titled Tuesday Blitz May 16 Late 2023"]
[White "Arnold, Ken"]
[Black "Kowalysko, Roman"]
[WhiteFideId "2056836"]
[BlackFideId "30918510"]
[WhiteElo "2370"]
[BlackElo "2206"]
[Result "1-0"]
[Round "10"]
[TimeControl "180+2"]
[Date "2023.05.16"]
[WhiteClock "0:00:52"]
[BlackClock "0:00:51"]

1. d4 Nf6 2. c4 e5 3. dxe5 Ng4 4. Nf3 Nc6 5. e3 g6 6. Be2 Bg7 7. O-O O-O 8. Nc3 Re8 9. Qc2 Ngxe5 10. Bd2 Nxf3+ 11. Bxf3 Ne5 12. Be2 d6 13. Rad1 Bf5 14. e4 Be6 15. Nd5 Nc6 16. Bc3 Bxc3 17. Qxc3 Bxd5 18. cxd5 Ne5 19. Rfe1 a5 20. Rc1 Re7 21. Red1 b6 22. Bb5 Ra7 23. h3 Nd7 24. f3 Nc5 25. a3 Ra8 26. b4 axb4 27. axb4 Na4 28. Qb3 Nc5 29. bxc5 bxc5 30. Bc6 Rb8 31. Qa3 Qf8 32. Rb1 f6 33. Rxb8 Qxb8 34. Qa8 Re8 35. Ra1 Kg7 36. Bxe8 Qb6 37. Kh1 c4 38. Qc6 Qd4 39. Rc1 Qe5 40. Qxc7+ Kh6 41. Bxg6 hxg6 42. Qxc4 Qg3 43. Qf1 Qf4 44. Re1 g5 45. Qf2 Kg6 46. g3 Qe5 47. Kg2 Qc3 48. Re2 Qc4 49. f4 gxf4 50. gxf4 Qd4 51. Qxd4 1-0


[Site "https://www.chess.com"]

[Event "Titled Tuesday Blitz May 16 Late 2023"]
[White "dorpato"]
[Black "De Souza, Cristiano Gomes"]
[BlackFideId "2151758"]
[WhiteElo "2036"]
[BlackElo "2068"]
[Result "0-1"]
[Round "10"]
[TimeControl "180+2"]
[Date "2023.05.16"]
[WhiteClock "0:00:27"]
[BlackClock "0:01:13"]

1. e4 c5 2. Nc3 d6 3. g3 a6 4. Bg2 b5 5. d3 b4 6. Nce2 g6 7. f4 Bg7 8. c3 a5 9. Nf3 Bb7 10. O-O Nf6 11. h3 O-O 12. g4 Na6 13. Ng3 Nc7 14. Be3 bxc3 15. bxc3 Nb5 16. Qd2 Nxc3 17. Qxc3 Nxe4 18. Qe1 Bxa1 19. dxe4 Bg7 20. f5 a4 21. h4 Qa5 22. Bd2 Qa7 23. g5 Rab8 24. h5 Ba6 25. Rf2 c4 26. Be3 Qc7 27. hxg6 fxg6 28. fxg6 hxg6 29. Nh4 Rxf2 30. Bxf2 c3 31. Nxg6 c2 32. Be3 Rb1 33. Bc1 Bb2 34. Ne2 Bxc1 35. Nxc1 Qc5+ 36. Kh2 Qxg5 37. Nxe7+ Qxe7 38. Qg3+ Qg7 39. Qxd6 Rxc1 40. Qd8+ Kh7 41. Qh4+ Qh6 0-1


[Site "https://www.chess.com"]

[Event "Titled Tuesday Blitz May 16 Late 2023"]
[White "ritanovikova"]
[Black "Ollier, Pablo"]
[BlackFideId "652318"]
[WhiteElo "2150"]
[BlackElo "2466"]
[Result "0-1"]
[Round "10"]
[TimeControl "180+2"]
[Date "2023.05.16"]
[WhiteClock "0:00:20"]
[BlackClock "0:00:07"]

1. e4 e5 2. Nf3 Nc6 3. Bc4 Nf6 4. d3 Bc5 5. c3 a6 6. a4 Ba7 7. O-O O-O 8. d4 exd4 9. e5 Ne4 10. cxd4 d5 11. Be2 f6 12. exf6 Qxf6 13. Be3 Bg4 14. Nc3 Qd6 15. Qb3 Be6 16. Rac1 Kh8 17. Rfd1 Rab8 18. Qc2 Bf5 19. Nh4 Nxc3 20. Nxf5 Nxe2+ 21. Kh1 Rxf5 22. Qxf5 Nxc1 23. Bxc1 Re8 24. g3 Qe6 25. Qh5 Qe4+ 26. f3 Qe2 27. Rd2 Qe1+ 28. Kg2 Bxd4 29. Kh3 g6 30. Qxd5 Qe6+ 31. Qxe6 Rxe6 32. b3 Kg7 33. f4 Rd6 34. Re2 Bf6 35. g4 Rd1 36. Ba3 Rd3+ 37. Kg2 Rxb3 38. Bc5 Rb2 39. Kf3 Rxe2 40. Kxe2 Bd4 41. Ba3 b5 42. axb5 axb5 43. Kd3 b4 44. Bc1 Kf7 45. h4 Ke6 46. Kc4 Bf2 47. h5 gxh5 48. gxh5 Kf5 49. Kb5 Nd4+ 50. Kxb4 Ne2 51. Bb2 Nxf4 52. Kb5 Nxh5 53. Kc6 Bg3 54. Bd4 Nf6 55. Bg1 h5 56. Bd4 h4 57. Bb6 cxb6 0-1


[Site "https://www.chess.com"]

[Event "Titled Tuesday Blitz May 16 Late 2023"]
[White "KorolDimitriy75"]
[Black "Horokoskii"]
[WhiteElo "2415"]
[BlackElo "2163"]
[Result "1-0"]
[Round "10"]
[TimeControl "180+2"]
[Date "2023.05.16"]
[WhiteClock "0:00:23"]
[BlackClock "0:00:01"]

1. d4 Nf6 2. c4 c5 3. d5 e6 4. Nc3 exd5 5. cxd5 d6 6. Nf3 g6 7. Nd2 Bg7 8. Nc4 O-O 9. Bf4 Ne8 10. Qd2 b6 11. e4 Ba6 12. a4 Bxc4 13. Bxc4 Nd7 14. O-O Qe7 15. Rfe1 a6 16. h3 Ne5 17. Bf1 Nf6 18. Bg5 Qc7 19. Rad1 Rfe8 20. f4 Ned7 21. Bc4 h6 22. Bh4 Nh5 23. Bf2 Re7 24. g3 b5 25. axb5 Nb6 26. b3 a5 27. e5 Rae8 28. g4 Nxf4 29. Qxf4 Bxe5 30. Qd2 g5 31. Kg2 Bf4 32. Qd3 Re5 33. Rxe5 Rxe5 34. Re1 Qe7 35. Rxe5 Qxe5 36. Ne4 a4 37. bxa4 Nxa4 38. Ng3 Nb6 39. Nf5 Qf6 40. Be1 Nxc4 41. Qxc4 Qb2+ 42. Bf2 Qa2 43. Qxa2 1-0


[Site "https://www.chess.com"]

[Event "Titled Tuesday Blitz May 16 Late 2023"]
[White "Curtis, John"]
[Black "Prydun, Andriy"]
[WhiteFideId "3200256"]
[BlackFideId "14145898"]
[WhiteElo "2203"]
[BlackElo "2164"]
[Result "1-0"]
[Round "10"]
[TimeControl "180+2"]
[Date "2023.05.16"]
[WhiteClock "0:02:18"]
[BlackClock "0:02:42"]

1. d4 Nf6 2. Nf3 e6 3. Bg5 c6 4. e4 Be7 5. e5 Nd5 6. Bxe7 Nxe7 7. Nc3 d5 8. exd6 Qxd6 9. Qd2 h6 10. Ne4 e5 1-0


[Site "https://www.chess.com"]

[Event "Titled Tuesday Blitz May 16 Late 2023"]
[White "Levar, Nenad"]
[Black "mjelcic"]
[WhiteFideId "14504430"]
[WhiteElo "2095"]
[BlackElo "2261"]
[Result "1-0"]
[Round "10"]
[TimeControl "180+2"]
[Date "2023.05.16"]
[WhiteClock "0:00:41"]
[BlackClock "0:00:06"]

1. d4 d5 2. Nf3 c6 3. c4 Nf6 4. Qb3 Qb6 5. c5 Qxb3 6. axb3 Bf5 7. b4 Nbd7 8. Nc3 e6 9. Bf4 Be7 10. e3 O-O 11. h3 a6 12. Kd2 Ne4+ 13. Nxe4 Bxe4 14. Bd3 Bxd3 15. Kxd3 f5 16. Ne5 Nxe5+ 17. Bxe5 Rae8 18. Raf1 g5 19. f3 Bf6 20. Bxf6 Rxf6 21. e4 fxe4+ 22. fxe4 Ref8 23. Rxf6 Rxf6 24. exd5 exd5 25. Re1 Kf7 26. Re5 h6 27. Ke3 Rf1 28. Kd3 Rd1+ 29. Kc3 Kf6 30. Re2 Rg1 31. Rf2+ Kg6 32. Re2 Kh5 33. Re7 Rxg2 34. Rxb7 Rg3+ 35. Kc2 Rxh3 36. Rc7 g4 37. Rxc6 g3 38. Rc8 Kh4 39. c6 g2 40. Rg8 Rg3 41. Rxg3 Kxg3 42. c7 g1=Q 43. c8=Q Qf2+ 44. Kd3 Qf3+ 45. Kd2 Qf2+ 46. Kd3 Qf1+ 47. Ke3 Qe1+ 48. Kd3 Qe4+ 49. Kc3 h5 50. Qxa6 h4 51. b5 h3 52. b6 h2 53. b7 Qf3+ 54. Qd3 h1=Q 55. b8=Q+ Kf2 56. Qxf3+ Qxf3+ 57. Kb4 Ke3 58. Kc5 Qg4 59. Qe5+ Kd2 60. Qxd5 Qc8+ 61. Kb4 Qb8+ 62. Qb5 Qd6+ 63. Kc4 Qe6+ 64. d5 Qe4+ 65. Kc5 Qe3+ 66. Kc6 Qe8+ 67. Kc5 Qe3+ 68. Kb4 Qd4+ 69. Ka5 Qa7+ 70. Kb4 Qd4+ 71. Qc4 Qb6+ 72. Ka4 Qa7+ 73. Kb3 Qb6+ 74. Qb4+ Kd3 75. Qxb6 1-0


[Site "https://www.chess.com"]

[Event "Titled Tuesday Blitz May 16 Late 2023"]
[White "Hnydiuk, Aleksander"]
[Black "Milovic, Aleksandra"]
[WhiteFideId "1109057"]
[BlackFideId "933988"]
[WhiteElo "2374"]
[BlackElo "2000"]
[Result "1/2-1/2"]
[Round "10"]
[TimeControl "180+2"]
[Date "2023.05.16"]
[WhiteClock "0:02:38"]
[BlackClock "0:02:34"]

1. d4 d5 2. c4 e6 3. Nc3 Nf6 4. cxd5 exd5 5. Bg5 Be7 6. e3 O-O 7. Bd3 Nbd7 8. Qc2 c5 9. Nge2 cxd4 10. Nxd4 h6 11. h4 Nc5 12. Bf4 Nxd3+ 1/2-1/2


[Site "https://www.chess.com"]

[Event "Titled Tuesday Blitz May 16 Late 2023"]
[White "KSho99"]
[Black "Barria Santos, Jose Guilherme"]
[BlackFideId "1939300"]
[WhiteElo "2153"]
[BlackElo "2266"]
[Result "0-1"]
[Round "10"]
[TimeControl "180+2"]
[Date "2023.05.16"]
[WhiteClock "0:00:02"]
[BlackClock "0:00:16"]

1. Nf3 Nf6 2. b3 g6 3. Bb2 Bg7 4. d4 O-O 5. e3 d6 6. Be2 Nc6 7. O-O e5 8. dxe5 Ng4 9. c4 Ncxe5 10. Nxe5 Nxe5 11. Nc3 Bf5 12. e4 Bd7 13. f4 Nc6 14. Qd2 Re8 15. Bf3 Nd4 16. Rae1 c6 17. Bd1 Qb6 18. Kh1 a5 19. Re3 f5 20. Na4 Qa7 21. c5 dxc5 22. e5 b5 23. Nxc5 Qxc5 24. Bxd4 Qe7 25. Qc3 Rac8 26. Bc5 Qf7 27. Qxa5 Be6 28. Bf3 Bd5 29. Qc3 Rcd8 30. Bd6 Rxd6 31. exd6 Bxc3 32. Bxd5 cxd5 33. Rxc3 Qd7 0-1


[Site "https://www.chess.com"]